 Dungeon Crawl Stone Soup version 0.24-a0-446-g87df7205b4 (webtiles) character file.

Game seed: 9498090014432176451

35 Krouwed the Grave Robber (level 3, -4/26 HPs)
             Began as a Human Necromancer on June 23, 2019.
             Slain by an adder (5 damage)
             ... on level 2 of the Dungeon.
             The game lasted 00:09:32 (1593 turns).

Krouwed the Grave Robber (Human Necromancer)        Turns: 1593, Time: 00:09:33

Health: -4/26      AC:  2    Str:  8    XL:     3   Next: 52%
Magic:  0/6        EV: 18    Int: 16    God:
Gold:   54         SH:  0    Dex: 18    Spells: 4/6 levels left

rFire    . . .     SeeInvis .   j - +0 whip
rCold    . . .     Gourm    .   (no shield)
rNeg     . . .     Faith    .   a - +0 robe
rPois    .         Spirit   .   (no helmet)
rElec    .         Reflect  .   (no cloak)
rCorr    .         Harm     .   (no gloves)
MR       .....                  (no boots)
Stlth    +++.......             (no amulet)
HPRegen  0.08/turn              (no ring)
MPRegen  0.10/turn              (no ring)

@: agile, lethally poisoned (-4 -> -11), very slightly contaminated
A: no striking features
a: no special abilities


You were on level 2 of the Dungeon.
You were not hungry.

You visited 1 branch of the dungeon, and saw 2 of its levels.

You collected 54 gold pieces.

Inventory:

Hand Weapons
 j - a +0 whip (weapon)
Missiles
 g - 14 poisoned darts (quivered)
Armour
 a - a +0 robe (worn)
Jewellery
 i - an uncursed amulet of regeneration {unknown}
 l - an uncursed ring of stealth {unknown}
Wands
 d - a wand of acid (11)
 k - a wand of random effects (21)
Scrolls
 b - a scroll of teleportation {unknown}
 h - 2 scrolls of identify {unknown}
 n - 2 scrolls of fear {unknown}
 o - a scroll of enchant weapon
Potions
 f - a potion of curing {unknown}
Comestibles
 c - 4 rations
 m - 2 chunks of flesh


   Skills:
 + Level 1.1 Fighting
 + Level 0.5 Maces & Flails
 + Level 2.4 Dodging
 - Level 2.0 Stealth
 + Level 2.3 Spellcasting
 * Level 4.3 Necromancy


You had 4 spell levels left.
You knew the following spells:

 Your Spells              Type           Power        Failure   Level  Hunger
a - Pain                  Necr           ###.         3%          1    #......
b - Animate Skeleton      Necr           N/A          3%          1    #......

Your spell library contained the following spells:

 Spells                   Type           Power        Failure   Level  Hunger
 Vampiric Draining        Necr           ###.......   11%         3    ###....
 Regeneration             Chrm/Necr      #.........   26%         3    ###....
 Animate Dead             Necr           N/A          34%         4    #####..


Dungeon Overview and Level Annotations

Branches:
Dungeon (2/15)

Altars:
Xom


Message History

You miscast Pain.
You are very lightly contaminated with residual magic.
Nothing appears to happen.
The adder closely misses you. x2
Casting: Pain (safe; 3% risk of failure)
Confirm with . or Enter, or press ? or * to list all spells.
Aiming: Pain (safe; 3% risk of failure)
Press: ? - help, Shift-Dir - straight line, f/p - adder
Aim: an adder (severely wounded, chance to defeat MR: 80%)
The adder writhes in agony.
* * * LOW HITPOINT WARNING * * *
You feel sick. The adder closely misses you.
You barely miss the adder.
The adder is almost dead.
* * * LOW HITPOINT WARNING * * *
You feel sick. The adder bites you.
* * * LOW HITPOINT WARNING * * *
It was a potion of agility.
You feel agile all of a sudden. The adder closely misses you.
The adder bites you.
You die...

#......#... ##. #(# #..
####.. #.# #.# #..)..
######.##### #.# #.##..
#..........###.###.###.
...####.###.............
#)# #####.######## #S#
#.# # #@# #.# #.# #)#
#.# #####.######
#.###.........(..
#.........#######
#.....##### #.#####.#..#
# #......รท#..# #
#########..## #


You could see an adder.

Vanquished Creatures
  2 leopard geckos (D:1)
  A giant cockroach (D:1)
  4 goblins
  4 hobgoblins
  7 bats
  7 kobolds
  4 rats
  2 butterflies (D:2)
31 creatures vanquished.

Vanquished Creatures (collateral kills)
  A goblin (D:2)
  A ball python (D:2)
  A frilled lizard (D:2)
3 creatures vanquished.

Grand Total: 34 creatures vanquished

Notes
Turn   | Place    | Note
-------+----------+-------------------------------------------
     0 | D:1      | Krouwed the Human Necromancer began the quest for the Orb.
     0 | D:1      | Reached XP level 1. HP: 13/13 MP: 3/3
   364 | D:1      | Reached XP level 2. HP: 16/20 MP: 0/5
   444 | D:1      | Learned a level 1 spell: Animate Skeleton
  1226 | D:2      | Found a shimmering altar of Xom.
  1241 | D:2      | Reached XP level 3. HP: 25/25 MP: 6/6
  1274 | D:2      | Reached skill level 1 in Fighting
  1592 | D:2      | HP: 1/26 [adder (5)]
  1593 | D:2      | Slain by an adder

Levels and vault maps discovered:
D:1:      minmay_arrival_loop, layout_loops_ring
D:2:      layout_loops_ring, xom_butterflies, first_ration,
          nicolae_qazlal_general_emergency

Skill      XL: |  1  2  3 |
---------------+----------+-----
Fighting       | 1 |  1.1
Maces & Flails | |  0.5
Dodging        | |  2.4
Stealth        | |  2.0
Spellcasting   | |  2.3
Necromancy     | |  4.3

Action                   || total
-------------------------++-------
Melee: Whip              ||    52
       Club              ||    15
Throw: Dart              ||    24
 Cast: Pain              ||    27
       Animate Skeleton  ||     6
  Use: Scroll            ||     2
       Potion            ||     1
 Stab: Sleeping          ||     4
  Eat: Chunk             ||     3
Armor: Robe              ||    28
Dodge: Dodged            ||    76

Table legend:
 A = Non-vault XP
 B = Vault XP
 C = Vault XP percentage of total XP
 D = Non-vault monster count
 E = Vault monster count
 F = Vault count percentage of total count
                 A         B        C        D         E       F
            +---------+---------+-------+---------+---------+-------
      Total |      50 |       0 |   0.0 |      32 |       0 |   0.0
            +---------+---------+-------+---------+---------+-------
        D:1 |      25 |       0 |   0.0 |      14 |       0 |   0.0
        D:2 |      25 |       0 |   0.0 |      18 |       0 |   0.0
            +---------+---------+-------+---------+---------+-------
